 Dungeon Crawl Stone Soup version 0.29-a0-330-g52719c12eb (webtiles) character file.

Game seed: 11809535644285844422

260 croobank the Covert (level 6, -1/43 HPs)
             Began as an Octopode Delver on Apr 12, 2022.
             Slain by an orc wizard
             ... wielding a +0 dagger
              (4 damage)
             ... on level 3 of the Dungeon on Apr 13, 2022.
             The game lasted 00:07:01 (2938 turns).

croobank the Covert (Octopode Delver)               Turns: 2938, Time: 00:07:02

Health: -1/43      AC:  1    Str: 13    XL:     6   Next: 17%
Magic:  15/15      EV: 14    Int: 13    God:
Gold:   106        SH:  0    Dex: 13    Spells: 5/5 levels left

rFire   . . .      SeeInvis .   a - +0 hand axe
rCold   . . .      Faith    .   (no shield)
rNeg    . . .      Spirit   .   (helmet restricted)
rPois   .          Reflect  .   (no amulet)
rElec   .          Harm     .   h - ring of magical power
rCorr   .          Rampage  .   (no ring)
Will    .....                   (no ring)
Stlth   +++++.....              (no ring)
HPRegen 0.14/turn               (no ring)
MPRegen 0.14/turn               (no ring)
                                (no ring)
                                (no ring)

@: mighty
A: almost no armour, amphibious, 8 rings, camouflage 1, gelatinous body 1,
(nimble swimmer 1), tentacles
a: no special abilities


You were on level 3 of the Dungeon.
You visited 1 branch of the dungeon, and saw 5 of its levels.

You collected 106 gold pieces.

Inventory:

Hand Weapons
 a - a +0 hand axe (weapon)
 b - a +0 hunting sling
Missiles
 i - 3 boomerangs of dispersal
 j - 66 stones (quivered)
 o - 8 poisoned darts
Jewellery
 h - a ring of magical power (left tentacle)
Wands
 e - a wand of polymorph (10)
 f - a wand of digging (3)
Scrolls
 c - a scroll of fog
 d - a scroll of fear
Potions
 k - 2 potions of ambrosia {unknown}
 m - 3 potions of mutation {unknown}
 n - a potion of resistance {unknown}
 p - 2 potions of magic {unknown}


   Skills:
 + Level 4.2 Fighting
 + Level 3.5 Axes
 + Level 3.4 Dodging
 + Level 8.0 Stealth


You had 5 spell levels left.
You didn't know any spells.
Your spell library contained the following spells:

 Spells                   Type           Power      Damage    Failure   Level
 Corpse Rot               Necr/Air       0%         N/A       43%         2
 Dispel Undead            Necr           0%         3d6       97%         4
 Death Channel            Necr           0%         N/A       100%        6


Dungeon Overview and Level Annotations

Branches:
Dungeon (5/15)
 Temple: D:4-7

Altars:


Innate Abilities, Weirdness & Mutations

You cannot wear most types of armour.
You are amphibious.
You can wear up to eight rings at the same time.
Your skin changes colour to match your surroundings (Stealth+).
Your rubbery body absorbs attacks. (AC +1, EV +1)
((You are camouflaged when in or above water. (Stealth+)))
You have tentacles for arms and can constrict up to eight enemies at once.


Message History

The orc shouts!
The orc wizard shouts!
You hear a shout!
The orc wizard gestures wildly while chanting.
The orc wizard flickers and vanishes!
Deactivating autopickup; reactivate with Ctrl-A.
A magic dart appears from out of thin air!
The magic dart hits you! Something hits you.
You hit something. Something hits you.
You closely miss something.
You hear some strange, mumbled words.
You are confused.
You bump into the rock wall.
Something completely misses you.
You closely miss something. Your squeeze misses something.
Something barely misses you.
You miss something. The orc closely misses you. Something hits you.
You closely miss something. Your squeeze misses something.
You feel less confused. The orc closely misses you. Something hits you.
You closely miss something. The orc closely misses you.
Something barely misses you.
You hit something. Your squeeze misses something. The orc closely misses you.
Something hits you. The orc closely misses you.
You hear some strange, mumbled words.
A magic dart appears from out of thin air!
The magic dart hits you!
* * * LOW HITPOINT WARNING * * *
You closely miss something. The orc barely misses you. Something hits you.
* * * LOW HITPOINT WARNING * * *
You barely miss something. Your squeeze misses something.
The orc closely misses you.
You hear some strange, mumbled words.
A puff of flame appears from out of thin air!
The puff of flame hits you.
* * * LOW HITPOINT WARNING * * *
You feel very mighty all of a sudden.
An orc wizard appears from thin air!
Reactivating autopickup.
The orc barely misses you.
The orc wizard hits you with a +0 dagger.
You die...

##### #...# #...# #####
##...# #...# ### ##....#
#...#
#.###.....##########...#
#.##..........@ooo.....#
.
#.##..#############....#
#.# #[.......(#
#....##...# #..#.####..#
###.....#.# ##.#.## .
#.......# #....#
#........ ####..#.###
......... #.........#
.........# #.####.##.#
...........


You could see an orc wizard and 2 orcs.

Vanquished Creatures
  Sigmund (D:2)
  5 adders
  2 dart slugs
  5 endoplasms
  5 giant cockroaches
  5 hobgoblins
  2 jackals (D:1)
  6 kobolds
  2 quokkas
  4 ball pythons
  5 frilled lizards
  7 goblins
  8 rats
57 creatures vanquished.

Notes
Turn   | Place    | Note
-------+----------+-------------------------------------------
     0 | D:5      | croobank the Octopode Delver began the quest for the Orb.
     0 | D:5      | Reached XP level 1. HP: 16/16 MP: 1/1
    72 | D:3      | Reached XP level 2. HP: 6/21 MP: 2/2
   464 | D:1      | Reached XP level 3. HP: 19/26 MP: 3/3
   763 | D:1      | Reached skill level 7 in Stealth
  1435 | D:1      | You fall into a shaft and drop 1 floor!
  1922 | D:2      | Reached XP level 4. HP: 31/31 MP: 4/4
  2242 | D:2      | Found a faded altar of an unknown god.
  2468 | D:2      | Identified the +1 robe of Wuemajim {rF+ rCorr Int+3}
  2597 | D:2      | Noticed Sigmund
  2611 | D:2      | Killed Sigmund
  2612 | D:2      | Reached XP level 5. HP: 30/37 MP: 5/5
  2612 | D:2      | Reached XP level 6. HP: 35/43 MP: 6/6
  2617 | D:2      | Reached skill level 8 in Stealth
  2938 | D:3      | Slain by an orc wizard

Illustrated notes

Levels and vault maps discovered:
D:1:      dpeg_arrival_shelter, layout_basic
D:2:      minmay_recursive_quarters, layout_loops_ring,
          hellmonk_ecumenical_altar_arch_garden, minmay_pentomino_w2,
          uniq_sigmund
D:3:      layout_rooms, minmay_fractal_squares_diagonal_5
D:4:      minmay_goblin_kobold_castle, layout_basic,
          gammafunk_temple_overflow_wave
D:5:      layout_layer_cave, minmay_temple_entry_gardened_gates

Skill      XL: |  1  2  3  4  5  6 |
---------------+-------------------+-----
Stealth        | 7 8 |  8.0
Fighting       | 4 |  4.2
Axes           | 3 |  3.5
Dodging        | 3 |  3.4

Action                   |  1- 3 |  4- 6 || total
-------------------------+-------+-------++-------
Melee: Hand axe          |    68 |    45 ||   113
       Constrict         |    14 |     8 ||    22
       Tentacles         |    10 |    10 ||    20
       Punch             |     1 |       ||     1
Throw: Stone             |     3 |       ||     3
  Use: Scroll            |     4 |     1 ||     5
       Potion            |       |     3 ||     3
 Stab: Sleeping          |     9 |     9 ||    18
Armor: Skin              |     6 |     1 ||     7
Dodge: Dodged            |    30 |    29 ||    59

Table legend: (Time is in decaauts)
 A = Elapsed time spent in this place.
 B = Non-inter-level travel time spent in this place.
 C = Inter-level travel time spent in this place.
 D = Time resting spent in this place.
 E = Time spent auto-exploring this place.
 F = Levels seen in this place.
 G = Mean time per level.
                   A        B        C        D        E       F      G
               +--------+--------+--------+--------+--------+-----+--------+
         Total |   2945 |   2814 |    131 |    712 |   1497 |   5 |  589.0 |
       Dungeon |   2945 |   2814 |    131 |    712 |   1497 |   5 |  589.0 |
               +--------+--------+--------+--------+--------+-----+--------+

Top non-repeatable levels by time:
     D:2: 1270 daAuts
     D:1: 1256 daAuts
     D:3: 365 daAuts
     D:4: 45 daAuts
     D:5: 8 daAuts
